 Dungeon Crawl Stone Soup version 0.30.1-9-gdf580d7c3d (webtiles) character file.

Game seed: 6058979173041877339

5 risu the Gusty (level 1, 0/10 HPs)
             Began as a Tengu Air Elementalist on Oct 20, 2023.
             Constricted to death by a ball python (1 damage)
             ... on level 1 of the Dungeon.
             The game lasted 00:03:58 (129 turns).

risu the Gusty (Tengu Air Elementalist)              Turns: 129, Time: 00:03:58

Health: 0/10       AC:  0    Str:  8    XL:     1   Next: 80%
Magic:  4/4        EV:  9    Int: 15    God:
Gold:   36         SH:  0    Dex: 14    Spells: 3/4 levels left

rFire   . . .        e - +1 whip (drain)
rCold   . . .        (no shield)
rNeg    . . .        (no body armour)
rPois   .            (helmet restricted)
rElec   .            (no cloak)
rCorr   .            (no gloves)
SInv    .            (boots unavailable)
Will    .....        (no amulet)
Stlth   ++           (no ring)
HPRegen 0.21/turn    (no ring)
MPRegen 0.09/turn

%: no passive effects
@: constricted
A: beak, talons 3
a: no special abilities


You were on level 1 of the Dungeon.
You visited 1 branch of the dungeon, and saw 1 of its levels.

You collected 36 gold pieces.

Inventory:

Hand Weapons
 e - a +1 whip of draining (weapon)
 f - a +0 spear
 h - a +0 mace
Armour
 a - a +0 robe
 c - a +0 ring mail
Scrolls
 d - a scroll of fog
Potions
 b - a potion of magic
 g - a potion of attraction {unknown}


   Skills:
 + Level 2.3 Dodging
 + Level 2.1 Stealth
 + Level 2.1 Spellcasting
 + Level 1.3 Conjurations
 + Level 4.0 Air Magic


You had 3 spell levels left.
You knew the following spells:

 Your Spells              Type           Power      Damage    Failure   Level
a - Shock                 Conj/Air       36%        1d5       7%          1

Your spell library contained the following spells:

 Spells                   Type           Power      Damage    Failure   Level
 Static Discharge         Conj/Air       18%        2-3/arc   11%         2
 Swiftness                Air            13%        N/A       12%         3
 Airstrike                Air            6%         2d(1-17)  38%         4


Dungeon Overview and Level Annotations

Branches:
Dungeon (1/15)

Altars:


Innate Abilities, Weirdness & Mutations

You have a beak for a mouth.
You have claws for feet.


Message History

You finish taking off your +0 robe.
You hit the goblin.
You kill the goblin!
Your life force feels restored.
You see here a +0 club.
Found a mace.
HP restored.
Found a scroll of identify.
Found 11 gold pieces.
You see here a +0 mace.
You now have 25 gold pieces (gained 9).
You see here a +0 mace.
h - a +0 mace You now have 36 gold pieces (gained 11).
A frilled lizard comes into view.
The frilled lizard hisses angrily.
There are no items here.
You closely miss the frilled lizard. You claw the frilled lizard.
You kill the frilled lizard!
A frilled lizard comes into view.
There are no items here.
A ball python comes into view.
The ball python hisses angrily.
You hear a shout!
A rat comes into view.
The ball python moves out of view. 2 goblins come into view.
The goblin shouts!
The goblin shouts!
The ball python closely misses you. The ball python grabs you.
The ball python constricts you.
A quokka comes into view.
A rat comes into view.
The goblin hits you with a +0 dagger.
The frilled lizard hisses angrily.
You hit the goblin.
You kill the goblin!
The ball python bites you. The ball python constricts you.
* * * LOW HITPOINT WARNING * * *
The ball python bites you.
* * * LOW HITPOINT WARNING * * *
The ball python constricts you.
You die...

#..... ...#..
#......
###..#....
###.........
#...#g......
#####...#S.#..r.
##
........@rl...r.
.>
.............#..
..
#####...##......
#. #...#
.##.....# ##.
#...# .###.#?#.
.! #...#
...#.#.#.####.
#...#
#.#.#.#......
#...#
#...#.#..###)
###.# #..#.#
...#.


You could see a quokka, a goblin, a ball python, a frilled lizard and 2 rats.

Vanquished Creatures
  2 goblins (D:1)
  2 quokkas (D:1)
  A frilled lizard (D:1)
  A kobold (D:1)
6 creatures vanquished.

Notes
Turn   | Place    | Note
-------+----------+-------------------------------------------
     0 | D:1      | risu the Tengu Air Elementalist began the quest for the
                  | Orb.
     0 | D:1      | Reached XP level 1. HP: 10/10 MP: 4/4
   129 | D:1      | Constricted to death by a ball python

Illustrated notes

Levels and vault maps discovered:
D:1:      giann_bridges, layout_basic, minmay_misc_feat_ornament,
          minmay_misc_feat_plants

Action                     || total
---------------------------++-------
  Melee: Whip              ||     7
         Unarmed           ||     7
         Kick              ||     4
         Peck              ||     3
         Punch             ||     1
    Use: Scroll            ||     1
 Armour: Robe              ||     1
  Dodge: Dodged            ||    13
